 Dungeon Crawl Stone Soup version 0.29.1-1-gd02db6906a (webtiles) character file.

Game seed: 11296609711825505812

392 smilodon the Conjurer (level 6, 0/32 HPs)
             Began as a Deep Elf Conjurer on Oct 7, 2022.
             Was an Initiate of Hepliaklqana.
             Killed by divine providence
             ... invoked by an orc priest
              (16 damage)
             ... on level 3 of the Dungeon on Oct 8, 2022.
             The game lasted 00:10:16 (3093 turns).

smilodon the Conjurer (Deep Elf Conjurer)           Turns: 3093, Time: 00:10:16

Health: 0/32       AC:  2    Str:  4      XL:     6   Next: 51%
Magic:  7/17       EV: 12    Int: 23 (25) God:    Hepliaklqana [......]
Gold:   151        SH:  0    Dex: 11 (13) Spells: 12/18 levels left

rFire   . . .      SeeInvis .   (no weapon)
rCold   . . .      Faith    .   (no shield)
rNeg    . . .      Spirit   .   a - +0 robe
rPois   .          Reflect  .   (no helmet)
rElec   .          Harm     .   (no cloak)
rCorr   .          Rampage  .   (no gloves)
Will    .....                   (no boots)
Stlth   ++........              k - amulet of the acrobat
HPRegen 0.10/turn               (no ring)
MPRegen 0.15/turn               (no ring)

@: no status effects
A: no striking features
a: Renounce Religion


You were on level 3 of the Dungeon.
You worshipped Hepliaklqana.
Hepliaklqana was noncommittal.
You visited 1 branch of the dungeon, and saw 3 of its levels.

You collected 151 gold pieces.

Inventory:

Armour
 a - a +0 robe (worn)
Jewellery
 k - an amulet of the acrobat (around neck)
Wands
 j - a wand of digging (8)
Scrolls
 e - a scroll of enchant weapon
 g - a scroll of amnesia
 h - a scroll of fog {unknown}
 i - 2 scrolls of teleportation
 l - a scroll of immolation {unknown}
 m - a scroll of silence
 n - a scroll of poison {unknown}
Potions
 b - a potion of magic
 c - a potion of brilliance
 d - a potion of lignification
 f - 3 potions of curing


   Skills:
 - Level 2.7 Dodging
 - Level 2.8 Stealth
 + Level 6.5 Spellcasting
 + Level 6.5 Conjurations
 + Level 1.4 Hexes
 + Level 1.1 Invocations


You had 12 spell levels left.
You knew the following spells:

 Your Spells              Type           Power      Damage    Failure   Level
a - Magic Dart            Conj           100%       1d8       1%          1
b - Searing Ray           Conj           74%        2d7       1%          2
c - Dazzling Flash        Conj/Hex       50%        N/A       4%          3

Your spell library contained the following spells:

 Spells                   Type           Power      Damage    Failure   Level
 Fulminant Prism          Conj/Hex       12%        3d9       16%         4
 Iskenderun's Mystic Bla  Conj/Tloc      22%        2d6       22%         4


Dungeon Overview and Level Annotations

Branches:
Dungeon (3/15)

Altars:
Hepliaklqana

Shops:
D:3 *


Message History

The orc wizard flickers and vanishes!
Deactivating autopickup; reactivate with Ctrl-A.
Casting: Searing Ray (safe; 1% risk of failure)
Confirm with . or Enter, or press ? or * to list all spells.
Aiming: Searing Ray (safe; 1% risk of failure)
Press: ? - help, Shift-Dir - straight line, f - orc
Aim: an orc, wielding a +0 flail (heavily wounded, 81% to hit)
You miscast Searing Ray.
You are very lightly contaminated with residual magic.
Nothing appears to happen.
The orc hits you with a +0 flail! The orc completely misses you.
The orc closely misses you.
Casting: Searing Ray (safe; 1% risk of failure)
Confirm with . or Enter, or press ? or * to list all spells.
Aiming: Searing Ray (safe; 1% risk of failure)
Press: ? - help, Shift-Dir - straight line, f/p - orc
Aim: an orc, wielding a +0 flail (heavily wounded, 81% to hit)
The searing ray misses the orc.
The searing ray hits something! (Press . to maintain the ray.)
The orc closely misses you.
The searing ray hits the orc!
You kill the orc!
The searing ray hits something!
Reactivating autopickup.
You feel a bit more experienced.
You feel your strength returning.
You start resting.
Your magical contamination has completely faded away.
Casting: Searing Ray (safe; 1% risk of failure)
Confirm with . or Enter, or press ? or * to list all spells.
Aiming: Searing Ray (safe; 1% risk of failure)
Press: ? - help, Shift-Dir - straight line, f - orc priest
Aim: an orc priest, wielding a +0 short sword (wandering, hasn't noticed you, 81% to hit)
The searing ray hits the orc priest.
The orc priest is moderately wounded. (Press . to maintain the ray.)
The orc priest mumbles some strange prayers to Beogh against you.
Beogh smites you!
Ouch! That really hurt!
You die...

####..w........###.####.##.#
........o###.##.###.####.##.#
#####.##.................##.#
#. #.###.##.###.#######.# #
#.# #.##.###....####.. #o#
#................ #)#
####.###.........
#o######.###w###.....
#..))@.......# .....
#.############ .... #.# ...
... ... #$.. #.... #....
#....#


You could see an orc priest and a dart slug (wandering).

Vanquished Creatures
  Sigmund (D:2)
  A howler monkey (D:3)
  An orc wizard (D:3)
  Natasha (thrice) (D:2)
  3 adders
  A worm (D:2)
  2 dart slugs
  3 orcs (D:3)
  4 endoplasms
  8 giant cockroaches
  2 goblins
  5 hobgoblins
  2 jackals (D:1)
  3 quokkas
  5 ball pythons
  9 bats
  2 frilled lizards
  4 kobolds (D:1)
  4 rats
63 creatures vanquished.

Notes
Turn   | Place    | Note
-------+----------+-------------------------------------------
     0 | D:1      | smilodon the Deep Elf Conjurer began the quest for the Orb.
     0 | D:1      | Reached XP level 1. HP: 10/10 MP: 6/6
   476 | D:1      | Reached XP level 2. HP: 15/15 MP: 4/8
   486 | D:1      | Learned a level 2 spell: Searing Ray
   997 | D:1      | Found a faded altar of an unknown god.
  1079 | D:1      | Reached XP level 3. HP: 19/19 MP: 6/10
  1490 | D:2      | Noticed Sigmund
  1500 | D:2      | Killed Sigmund
  1501 | D:2      | Reached skill level 5 in Spellcasting
  1501 | D:2      | Reached XP level 4. HP: 24/24 MP: 5/13
  1501 | D:2      | Reached XP level 5. HP: 28/28 MP: 5/15
  1591 | D:2      | Noticed Natasha
  1595 | D:2      | Killed Natasha
  1780 | D:2      | Found a hazy altar of Hepliaklqana.
  1816 | D:2      | Became a worshipper of Hepliaklqana the Forgotten
  1948 | D:2      | Noticed Natasha
  1955 | D:2      | Killed Natasha
  2033 | D:2      | Noticed Natasha
  2038 | D:2      | Killed Natasha
  2039 | D:2      | Reached XP level 6. HP: 32/32 MP: 11/17
  2088 | D:2      | Learned a level 3 spell: Dazzling Flash
  2569 | D:3      | Found Fiqan's Assorted Antiques.
  2724 | D:3      | Reached skill level 1 in Hexes
  2911 | D:3      | Reached skill level 1 in Invocations
  3093 | D:3      | Killed from afar by an orc priest

Illustrated notes

Levels and vault maps discovered:
D:1:      dpeg_arrival_simpleton_c, layout_basic, serial_forest,
          infiniplex_forest_end_1, infiniplex_forest_lined_3,
          infiniplex_forest_lined_corner, infiniplex_forest_clump_diagonal,
          infiniplex_forest_lined_room_, infiniplex_forest_clump_small,
          ebering_ecumenical_altar_petrified
D:2:      layout_basic, basic_altar, hangedman_abyss_or_decor_stabs,
          uniq_natasha, uniq_sigmund
D:3:      layout_basic, serial_shops, nicolae_shop_bloodbath_and_beyond,
          nicolae_lakefront_shop, shop, minivault_23

Skill      XL: |  1  2  3  4  5  6 |
---------------+-------------------+-----
Spellcasting   | 5 6 |  6.5
Conjurations   | 6 |  6.5
Hexes          | 1 |  1.4
Invocations    | 1 |  1.1
Dodging        | |  2.7
Stealth        | |  2.8

Action                   |  1- 3 |  4- 6 || total
-------------------------+-------+-------++-------
 Cast: Magic Dart        |    43 |    65 ||   108
       Searing Ray       |     6 |     6 ||    12
  Use: Scroll            |     3 |     2 ||     5
       Potion            |     3 |     1 ||     4
Armor: Robe              |     4 |     1 ||     5
Dodge: Dodged            |    17 |    19 ||    36
